Map: Cerulean Fall LE

Players

Denver - Winner!

  • Race: Zerg Zerg
  • Spawn Location: 7:00

Cuddlebear

  • Race: Terran Terran
  • Spawn Location: 1:00

Event: WCS Montreal 2018

VOD

Have the link to the VOD?

Description

Time

  • Played on: Sept. 7, 2018, 3:29 p.m.
  • Length: 11:27

All games in this series

Show
View Real Time Build Order
Export as new Build Order

Denver Zerg - Winner!

Build Orders: Pool First 

Get SALT Encoding   

  12  0:00  Drone  
  13  0:14  Overlord  
  13  0:17  Drone  
  14  0:32  Drone x2  
  16  0:41  Spawning Pool  
  15  0:45  Drone  
  15  0:49  Drone  
  17  1:10  Hatchery  
  16  1:13  Drone  
  17  1:28  Zergling x4  
  17  1:30  Zergling x2  
  17  1:32  Queen  
  22  1:37  Extractor  
  21  1:44  Overlord  
  21  1:52  Drone  
  22  2:03  Drone  
  22  2:08  Queen  
  25  2:13  Drone  
  26  2:21  Queen  
  28  2:26  Drone x2  
  30  2:34  Drone x2  
  32  2:42  Drone  
  32  2:43  Drone x2  
  34  2:48  Drone x2  
  34  2:51  Metabolic Boost  
  34  2:54  Drone  
  35  3:07  Hatchery  
  35  3:11  Overlord  
  34  3:13  Drone  
  34  3:17  Drone  
  36  3:24  Overlord  
  36  3:28  Queen  
  36  3:29  Drone x2  
  36  3:33  Drone x2  
  42  3:36  Overlord  
  42  3:39  Drone  
  43  3:44  Drone  
  43  3:45  Baneling Nest  
  43  3:46  Drone  
  44  3:53  Drone x3  
  47  3:56  Overlord  
  47  4:01  Zergling x6  
  50  4:08  Evolution Chamber  
  50  4:09  Queen  
  51  4:12  Zergling x4  
  51  4:15  Overlord  
  53  4:18  Zergling x4  
  53  4:23  Drone x3  
  58  4:29  Extractor, Baneling x6  
  57  4:31  Drone  
  58  4:39  Drone x4  
  58  4:40  Spore Crawler  
  58  4:42  Zergling x2  
  58  4:43  Zergling x4  
  64  4:50  Drone  
  65  4:54  Overlord  
  65  4:59  Drone x5  
  69  5:01  Lair  
  69  5:05  Spore Crawler  
  69  5:06  Overlord  
  68  5:09  Drone  
  69  5:15  Evolution Chamber  
  69  5:16  Extractor, Drone x3  
  69  5:19  Drone  
  69  5:20  Drone x2  
  73  5:26  Drone, Zerg Ground Armor Level 1  
  73  5:27  Drone  
  75  5:30  Zergling x2  
  75  5:31  Zergling x4  
  75  5:34  Overlord  
  78  5:36  Drone x2  
  78  5:37  Drone  
  78  5:41  Overlord  
  80  5:46  Extractor, Drone, Zerg Melee Weapons Level 1  
  80  5:47  Drone  
  81  5:52  Overlord x2  
  81  5:58  Centrifical Hooks  
  81  5:59  Drone  
  81  6:00  Drone x4  
  81  6:02  Extractor x2  
  84  6:05  Zergling x8  
  84  6:06  Zergling x2  
  84  6:08  Overseer  
  84  6:11  Zergling x2  
  90  6:14  Drone  
  90  6:15  Drone  
  90  6:16  Drone  
  90  6:17  Spore Crawler  
  91  6:21  Zergling x6  
  94  6:28  Zergling x6  
  94  6:32  Zergling x6  
  100  6:33  Baneling x4  
  100  6:36  Hatchery  
  100  6:38  Zergling x4  
  100  6:40  Overseer  
  100  6:46  Zergling x6  
  103  6:51  Zergling x8  
  103  6:53  Hatchery  
  100  7:02  Zergling x8  
  100  7:06  Zergling x4  
  96  7:10  Zergling x6, Queen  
  96  7:15  Zergling x12  
  95  7:16  Queen  
  95  7:17  Queen  
  90  7:23  Zergling x6  
  90  7:28  Baneling x2  
  89  7:30  Zergling x6  
  84  7:38  Zergling x2  
  84  7:39  Zergling x6  
  84  7:41  Zergling x6  
  84  7:44  Zergling x4  
  86  7:46  Queen  
  85  7:51  Zergling x2, Queen  
  85  7:52  Zergling x8, Queen  
  85  7:53  Queen  
  92  8:02  Zergling x6  
  92  8:06  Zergling x6  
  92  8:10  Baneling  
  92  8:11  Baneling x5, Zergling x8  
  92  8:15  Zergling x4  
  88  8:24  Queen  
  88  8:26  Zergling x2  
  86  8:28  Queen  
  86  8:31  Zergling x4  
  86  8:33  Zergling x2  
  86  8:38  Baneling x10  
  86  8:45  Overlord  
  86  8:48  Baneling x4  
  86  8:52  Zerg Ground Armor Level 2  
  86  8:53  Zerg Melee Weapons Level 2  
  86  9:01  Zergling x2  
  86  9:02  Zergling x12  
  85  9:06  Zergling x14  
  90  9:17  Overlord  
  89  9:25  Overlord  
  89  9:29  Overlord  
  86  9:33  Overlord  
  86  9:38  Zergling x18  
  93  9:43  Drone  
  93  9:44  Overlord  
  93  9:45  Overlord  
  93  9:48  Zergling x18  
  93  9:52  Drone x2  
  104  9:55  Baneling x8  
  104  9:56  Baneling x2  
  104  9:59  Drone x2  
  106  10:05  Drone x4  
  106  10:06  Drone x2  
  108  10:20  Zergling x2  
  108  10:21  Zergling x24  
  111  10:26  Zergling x6  
  114  10:32  Zergling x8  
  114  10:33  Zergling x6  
  121  10:39  Baneling x15  
  121  10:43  Zergling x6  
  121  10:47  Zergling x8  
  121  10:48  Zergling x2  
  129  10:50  Overlord  
  129  10:51  Baneling x2  
  127  10:59  Zergling x12  
  127  11:00  Overlord  
  127  11:03  Baneling x8  
  127  11:04  Baneling x3  
Show
View Real Time Build Order
Export as new Build Order

Cuddlebear Terran 

Build Orders: Reaper Expand, MMM Bio 

Get SALT Encoding   

  12  0:01  SCV  
  13  0:13  SCV  
  14  0:18  Supply Depot  
  14  0:25  SCV  
  15  0:40  SCV  
  15  0:42  Barracks  
  16  0:45  Refinery  
  16  0:52  SCV  
  17  1:04  SCV  
  18  1:16  SCV  
  19  1:29  Orbital Command  
  19  1:30  Reaper  
  20  1:42  Command Center  
  20  1:50  Supply Depot  
  20  1:57  SCV  
  21  2:02  Marine  
  21  2:06  Factory  
  22  2:11  SCV  
  22  2:14  Refinery  
  23  2:23  SCV  
  23  2:25  Marine  
  24  2:35  SCV  
  24  2:47  SCV  
  23  2:55  Barracks Reactor  
  23  2:57  Hellion  
  25  2:59  SCV  
  26  3:10  Orbital Command  
  26  3:11  SCV  
  27  3:15  Starport  
  27  3:23  SCV  
  28  3:35  SCV  
  28  3:36  SCV  
  28  3:38  Hellion x2  
  34  3:43  Barracks Tech Lab  
  34  3:48  SCV x2  
  35  3:49  Supply Depot  
  35  3:52  Medivac  
  38  4:00  SCV x2  
  40  4:03  Hellion x2, Marine  
  40  4:06  Stimpack  
  45  4:12  SCV  
  45  4:13  SCV  
  47  4:23  Marine, Viking  
  51  4:24  SCV  
  51  4:25  SCV  
  52  4:34  Supply Depot  
  52  4:36  SCV  
  52  4:37  SCV  
  54  4:39  Barracks  
  54  4:41  Barracks  
  54  4:46  Factory Reactor  
  54  4:56  SCV x2, Marine  
  54  4:57  Engineering Bay  
  54  4:58  Supply Depot  
  55  5:02  Starport Reactor  
  55  5:08  SCV x2  
  55  5:13  Marine  
  58  5:20  SCV x2  
  60  5:22  Refinery  
  60  5:23  Terran Infantry Weapons Level 1  
  60  5:30  Marine x2  
  60  5:32  SCV x2  
  60  5:35  Armory, Supply Depot  
  64  5:37  Supply Depot  
  64  5:38  Supply Depot  
  64  5:40  Factory Reactor  
  64  5:41  Marine  
  64  5:42  Supply Depot x2  
  65  5:44  SCV  
  65  5:46  Marine  
  65  5:47  Medivac, Marine  
  70  5:57  Medivac  
  70  6:02  Supply Depot  
  70  6:04  SCV  
  73  6:09  Marine x2  
  73  6:10  Combat Shields, Marine x2  
  77  6:12  SCV  
  77  6:13  Marine  
  77  6:16  SCV  
  80  6:19  Hellion  
  80  6:20  Hellion  
  84  6:27  Medivac, SCV, Marine  
  84  6:31  SCV  
  90  6:40  SCV  
  90  6:43  SCV  
  90  6:45  Marine x3  
  90  6:46  Medivac, Hellion x2  
  100  6:52  SCV  
  101  6:55  SCV  
  101  6:57  Marine  
  96  7:05  Marine x2  
  96  7:07  SCV  
  89  7:10  Marine  
  89  7:11  SCV  
  84  7:15  Marine  
  84  7:16  Marine  
  84  7:17  Hellion x2  
  84  7:21  SCV  
  91  7:23  Marine x2  
  91  7:28  SCV  
  94  7:36  Marine  
  93  7:37  Marine x2  
  93  7:38  Medivac x2  
  93  7:39  Hellion  
  93  7:40  Hellion  
  93  7:41  SCV  
  102  7:47  SCV, Marine x2  
  103  7:54  Marine  
  103  7:55  SCV, Marine x2  
  104  7:59  SCV  
  104  8:05  Marine  
  98  8:06  Marine  
  98  8:07  Hellion x2, SCV  
  98  8:12  SCV, Marine x2  
  105  8:14  Marine  
  105  8:19  SCV  
  108  8:22  Liberator x2  
  108  8:23  Marine x2  
  108  8:24  SCV  
  106  8:30  Marine x2  
  106  8:31  Marine  
  101  8:34  Hellion x2  
  101  8:41  SCV, Marine x2  
  99  8:44  SCV  
  99  8:48  Marine  
  103  8:51  Barracks  
  103  8:52  Barracks, Marine  
  103  8:53  SCV, Marine  
  106  8:59  Marine x2  
  99  9:05  Hellion x2  
  99  9:06  Marine  
  99  9:07  SCV  
  102  9:10  Marine x2  
  102  9:16  Marine  
  103  9:18  Marine  
  103  9:23  Marine  
  96  9:26  Medivac x2  
  96  9:27  Hellion  
  96  9:28  Marine x2  
  93  9:34  Marine  
  93  9:36  Marine  
  91  9:41  Marine  
  91  9:45  Liberator  
  87  9:46  Marine x2  
  87  9:50  Supply Depot  
  87  9:51  Hellion  
  87  9:52  Hellion, Marine  
  94  9:53  Command Center  
  91  10:04  Marine x3  
  91  10:06  Marine  
  95  10:13  Hellion  
  89  10:14  Orbital Command  
  89  10:21  SCV  
  77  10:24  Marine x7  
  82  10:29  Medivac  
  85  10:39  Hellion  
  85  10:41  Marine  
  85  10:42  Marine x2  
  89  10:46  Marine  
  90  10:50  Medivac  
  90  10:51  Hellion, Marine  
  90  10:52  Marine x2  
  92  11:06  Marine  
  92  11:07  Marine x2  
Tags
 
Add a new tag
Caveats
  • Supply blocks, unpowered buildings, or Contaminate may cause inaccurate times.
  • Supply counts are checked every 10 seconds.